 Dungeon Crawl Stone Soup version 0.29.1-15-g9cfb28693d (webtiles) character file.

Game seed: 2841786591567572509

1775145 TittyCrusher the Merry Kobold (level 27, 191/195 (196) HPs)
             Began as a Kobold Hunter on Mar 20, 2023.
             Was the Champion of Okawaru.
             Escaped with the Orb
             ... and 3 runes on Mar 21, 2023!
             The game lasted 04:22:42 (62965 turns).

TittyCrusher the Merry Kobold (Kobold Hunter)      Turns: 62965, Time: 04:22:43

HP:   191/195 (196) AC: 22    Str: 19    XL:     27
MP:   35/45         EV: 35    Int: 21    God:    Okawaru [******]
Gold: 4395          SH:  0    Dex: 38    Spells: 24/40 levels left

rFire   + . .      SeeInvis +   b - +8 arbalest "Conservator" {penet, Str+4}
rCold   + . .      Faith    +   (shield currently unavailable)
rNeg    . . .      Spirit   .   z - +1 scale mail of Okawaru's Fury {rElec Will+ Regen+}
rPois   +          Reflect  .   I - +3 hat of Pondering {ponderous, Will+ MP+10 Int+5}
rElec   +          Harm     .   E - scarf {rC+ rF+}
rCorr   .          Rampage  .   h - +2 pair of gloves "Teppudoykh" {rPois Dex+3}
Will    +++++                   p - +2 pair of boots {Stlth+}
Stlth   +++.......              l - amulet of faith
HPRegen 1.22/turn               f - ring of Naylo {Str+7 Dex+6}
MPRegen 0.29/turn               C - ring of Yrhaiq {Will+ SInv}

@: finesse-ful, magic-sapped, studying Ranged Weapons, lightly drained, slow
A: small, no large weapons, nightstalker 3, antennae 1, fangs 1, clever 1,
deterioration 1, wild magic 1, MP-powered wands, noise suppression
0: Orb of Zot
}: 3/15 runes: barnacled, slimy, gossamer
a: Renounce Religion, Heroism, Finesse, Duel


You escaped.
You worshipped Okawaru.
Okawaru was exalted by your worship.
You visited 11 branches of the dungeon, and saw 54 of its levels.
You visited 1 bazaar.
You also visited: Bailey, Ice Cave and Volcano.

You collected 8648 gold pieces.
You spent 4253 gold pieces at shops.

Inventory:

Hand Weapons
 a - a +9 triple crossbow of freezing
 b - the +8 arbalest "Conservator" (weapon) {penet, Str+4}
   (Okawaru gifted it to you on level 3 of the Spider Nest)

   Any ammunition fired by it passes through the targets it hits, potentially
   hitting all targets in its path until it reaches maximum range.
   Str:       It affects your strength (+4).
 e - a +8 triple crossbow of flaming
 g - the +10 hand crossbow of the Gnashing Bear {flame, rN+ Dex+6}
   (Okawaru gifted it to you on level 1 of the Lair of Beasts)

   Any ammunition fired from it burns those it strikes, dealing additional fire
   damage.
   Dex:       It affects your dexterity (+6).
   rN:        It protects you from negative energy.
Missiles
 D - 8 throwing nets
Armour
 h - the +2 pair of gloves "Teppudoykh" (worn) {rPois Dex+3}
   (Okawaru gifted it to you on level 1 of the Realm of Zot)

   Dex:       It affects your dexterity (+3).
   rPois:     It protects you from poison.
 p - a +2 pair of boots of stealth (worn)
 z - the +1 scale mail of Okawaru's Fury (worn) {rElec Will+ Regen+}
   (Okawaru gifted it to you on level 13 of the Dungeon)

   rElec:     It insulates you from electricity.
   Regen:     It increases your rate of health regeneration.
   Will:      It increases your willpower.
 E - a scarf of resistance (worn)
 I - the +3 hat of Pondering (worn) {ponderous, Will+ MP+10 Int+5}
   (You took it off Gastronok on level 3 of the Lair of Beasts)

   Int:       It affects your intelligence (+5).
   MP:        It affects your magic capacity (+10).
   Will:      It increases your willpower.
Jewellery
 f - the ring of Naylo (left hand) {Str+7 Dex+6}
   (You found it on level 4 of the Shoals)

   [ring of dexterity]

   Str:       It affects your strength (+7).
   Dex:       It affects your dexterity (+6).
 l - an amulet of faith (around neck)
 v - a ring of positive energy
 B - a ring of flight
 C - the ring of Yrhaiq (right hand) {Will+ SInv}
   (You acquired it on level 1 of the Vaults)

   [ring of see invisible]

   SInv:      It lets you see invisible.
   Will:      It increases your willpower.
 H - a ring of ice
 L - a +6 ring of dexterity
 N - an amulet of reflection
 Y - a ring of wizardry
Wands
 k - a wand of quicksilver (9)
 n - a wand of flame (18)
 J - a wand of iceblast (23)
 R - a wand of digging (12)
 S - a wand of mindburst (22)
Scrolls
 c - 3 scrolls of blinking
 i - 5 scrolls of amnesia
 m - 7 scrolls of poison
 q - 6 scrolls of immolation
 y - 6 scrolls of fear
 K - 4 scrolls of torment
 O - 9 scrolls of vulnerability
 P - 8 scrolls of magic mapping
 T - 5 scrolls of silence
 W - 18 scrolls of teleportation
 X - 9 scrolls of enchant armour
Potions
 d - 6 potions of ambrosia
 j - 19 potions of curing
 o - 2 potions of haste
 s - 2 potions of cancellation
 t - 9 potions of attraction
 w - 8 potions of magic
 x - 9 potions of heal wounds
 F - 11 potions of berserk rage
 G - 9 potions of mutation
 M - 9 potions of lignification
 Q - 12 potions of might
 U - 4 potions of flight
 Z - 6 potions of resistance
Miscellaneous
 A - a condenser vane
 V - a phial of floods


   Skills:
 - Level 26.3 Fighting
 O Level 27 Ranged Weapons
 - Level 17.6 Armour
 - Level 16.9 Dodging
 - Level 10.3 Stealth
 - Level 7.3 Spellcasting
 - Level 9.0 Hexes
 + Level 20.7 Translocations
 - Level 9.0 Earth Magic
 - Level 16.2 Invocations
 - Level 13.3 Evocations


You had 24 spell levels left.
You knew the following spells:

 Your Spells              Type           Power      Damage    Failure   Level
a - Leda's Liquefaction   Hex/Erth       28%        N/A       7%          4
b - Cause Fear            Hex            28%        N/A       7%          4
c - Blink                 Tloc           100%       N/A       1%          2
d - Dispersal             Tloc           44%        N/A       1%          6

Your spell library contained the following spells:

 Spells                   Type           Power      Damage    Failure   Level
 Gell's Gravitas          Tloc           89%        N/A       1%          3
 Lesser Beckoning         Tloc           89%        N/A       1%          3
 Teleport Other           Tloc           89%        N/A       1%          3
 Passage of Golubria      Tloc           89%        N/A       1%          4
 Manifold Assault         Tloc           89%        N/A       1%          5
 Confusing Touch          Hex            56%        N/A       2%          3
 Passwall                 Tmut/Erth      28%        N/A       7%          2
 Dazzling Flash           Conj/Hex       68%        N/A       12%         3
 Inner Flame              Hex/Fire       34%        N/A       12%         3
 Foxfire                  Conj/Fire      40%        2x1d6     24%         1
 Magic Dart               Conj           40%        1d5       24%         1
 Necrotise                Necr           40%        1d6       24%         1
 Shock                    Conj/Air       40%        1d5       24%         1
 Sting                    Tmut/Pois      40%        1d5       24%         1
 Poisonous Vapours        Pois/Air       20%        N/A       34%         2
 Scorch                   Fire           20%        2d6       34%         2
 Searing Ray              Conj           20%        2d5       34%         2
 Static Discharge         Conj/Air       10%        3-5/arc   34%         2
 Sublimation of Blood     Necr           10%        N/A       34%         2
 Petrify                  Tmut/Erth      34%        N/A       34%         4
 Conjure Flame            Conj/Fire      10%        6-21      54%         3
 Ignite Poison            Fire/Tmut/Pois 10%        N/A       54%         3
 Mephitic Cloud           Conj/Pois/Air  10%        N/A       54%         3
 Ozocubu's Armour         Ice            10%        N/A       54%         3
 Spider Form              Tmut/Pois      10%        N/A       54%         3
 Swiftness                Air            10%        N/A       54%         3
 Vampiric Draining        Necr           10%        2d6       54%         3
 Borgnjor's Vile Clutch   Necr/Erth      17%        N/A       67%         5
 Metabolic Englaciation   Hex/Ice        17%        N/A       67%         5
 Silence                  Hex/Air        17%        N/A       67%         5
 Yara's Violent Unravell  Hex/Tmut       17%        3d8       67%         5
 Airstrike                Air            5%         2d(1-17)  90%         4
 Corpse Rot               Necr/Pois/Air  10%        N/A       90%         4
 Dispel Undead            Necr           10%        3d9       90%         4
 Flame Wave               Conj/Fire      10%        2d6       90%         4
 Hailstorm                Conj/Ice       10%        3d5       90%         4
 Olgreb's Toxic Radiance  Pois           10%        N/A       90%         4
 Sticky Flame             Conj/Fire      10%        2d3       90%         4
 Agony                    Necr           10%        N/A       99%         5
 Alistair's Intoxication  Tmut/Pois      6%         N/A       99%         5
 Blade Hands              Tmut           5%         N/A       99%         5
 Fireball                 Conj/Fire      5%         3d5       99%         5
 Freezing Cloud           Conj/Ice/Air   5%         6-21      99%         5
 Irradiate                Conj/Tmut      5%         3d13      99%         5
 Iron Shot                Conj/Erth      17%        9d4       99%         6
 Statue Form              Tmut/Erth      22%        N/A       99%         6
 Enfeeble                 Hex            28%        N/A       99%         7
 Eringya's Noxious Bog    Tmut/Pois      5%         N/A       100%        6
 Starburst                Conj/Fire      5%         6d4       100%        6
 Dragon Form              Tmut           5%         N/A       100%        7
 Ozocubu's Refrigeration  Ice            5%         4d8       100%        7
 Discord                  Hex            28%        N/A       100%        8
 Ignition                 Fire           5%         3d4       100%        8
 Necromutation            Tmut/Necr      5%         N/A       100%        8
 Chain Lightning          Conj/Air       5%         3d6       100%        9
 Polar Vortex             Ice            5%         N/A       100%        9
 Tukima's Dance           Hex            Unusable   N/A       N/A         3
 Call Imp                 Summ           Unusable   N/A       N/A         2
 Animate Armour           Summ/Erth      Unusable   N/A       N/A         4
 Death Channel            Necr           Unusable   N/A       N/A         6
 Simulacrum               Ice/Necr       Unusable   N/A       N/A         6
 Summon Cactus Giant      Summ           Unusable   N/A       N/A         6
 Monstrous Menagerie      Summ           Unusable   N/A       N/A         7

Dungeon Overview and Level Annotations

Branches:
Dungeon (15/15)            Temple (0/1) D:4            Lair (5/5) D:9
 Shoals (4/4) Lair:3       Spider (4/4) Lair:2        Slime (5/5) Lair:5
    Orc (2/2) D:9             Elf (3/3) Orc:2        Vaults (4/5) D:13
  Crypt (3/3) Vaults:3       Tomb (0/3) Crypt:3      Depths (4/4) D:15
    Zot (5/5) Depths:4     Bailey (visited)           IceCv (visited)
Volcano (visited)

Altars:
Fedhas
Gozag
Hepliaklqana
Kikubaaqudgha
Makhleb
Nemelex Xobeh
Okawaru
Qazlal
Sif Muna
Trog
Uskayaw
Vehumet
Xom
Yredelemnul
Zin
The Shining One
Jiyva
Lugonu

Shops:
D:9 =   D:10 [   D:11 (   Orc:2 ?=?(   Shoals:1 =   Shoals:2 [?   Vaults:2 (
Vaults:4 :*?(   Zot:5 *   Depths:1 =?

Portals:
Hell: Depths:1 Depths:2 Depths:3 Depths:4
Abyss: Depths:3
Pandemonium: Orc:2 Depths:2
Ziggurat: Depths:2

Annotations:
D:2 Terence
D:3 exclusion: 2 downstairs
D:4 1 runed translucent door, Crazy Yiuf
D:9 1 runed translucent door
Lair:4 2 transporters, Guuquyx's ghost, journeyman TrMo
Shoals:3 3 runed translucent doors
Orc:1 1 transporter
Crypt:2 1 runed translucent door, rrossfarrar's ghost, veteran BaFi
Zot:5 3 runed translucent doors, exclusion: obsidian statue, cheesebisquit's ghost, master MiHu


Innate Abilities, Weirdness & Mutations

You are small and have problems with some larger weapons.
You are completely attuned to the shadows.
You have a pair of small antennae on your head.
You have very sharp teeth.
Your mind is acute. (Int +4, Str/Dex -1)
Your body sometimes deteriorates upon taking damage.
Your spells are a little harder to cast, but a little more powerful.
You expend magic power (3 MP) to strengthen your wands.
You passively dampen the noise of your surroundings.


Message History

b - the +8 arbalest "Conservator" (weapon)
{penet, Str+4} The demonspawn black sun misses you.
You shoot a bolt.
The bolt pierces through the demonspawn black sun!
The demonspawn black sun is severely wounded.
The bolt pierces through the demonspawn warmonger but does no damage.
The demonspawn warmonger is lightly wounded.
You shoot a bolt.
The bolt completely misses the demonspawn black sun.
The bolt closely misses the demonspawn warmonger.
The demonspawn black sun mumbles some strange prayers to Kikubaaqudgha.
The demonspawn black sun begins absorbing vital energies!
The demonspawn warmonger begins absorbing vital energies!
You shoot a bolt.
The bolt pierces through the demonspawn black sun!!
You kill the demonspawn black sun!
Okawaru accepts your kill.
The bolt pierces through the demonspawn warmonger!
The demonspawn warmonger is moderately wounded.
You shoot a bolt.
The bolt pierces through the demonspawn warmonger!!
The demonspawn warmonger is moderately wounded.
You shoot a bolt.
The bolt pierces through the demonspawn warmonger!
The demonspawn warmonger is heavily wounded.
The demonspawn warmonger hits you with a +1 demon whip of electrocution.
You feel drained.
The demonspawn warmonger completely misses you.
The demonspawn warmonger misses you.
You shoot a bolt.
The bolt pierces through the demonspawn warmonger!!
The demonspawn warmonger is severely wounded.
You shoot a bolt.
The bolt pierces through the demonspawn warmonger!!!!
You kill the demonspawn warmonger!
Okawaru accepts your kill.
Items here: )) [[[.
There is an open door here.
There is a staircase leading out of the dungeon here.
You have escaped!

.......#........##.#.#..........#
.......#)###.#####.#.##########.#
.........# #.#####.#.# #.#
......##.# #.......#.# #.#
......##.# #######.#.# #.#
......##.# ###...# #.# ......'..#
#...#.# #.# ......#..## #'#.#.#
#.# ########..#
#@#.#.##########.# # #..#
#+#..............# #..#
#..##..#####.#.###
#######..#######.....# #.#.#
#.............##.##..# #.#.#
#.#####.....#.##.##..#####.#.#
#.## ##.##.#..............#.#
#..# #.........##..#####.#.# #..#
####.##.####........#.###


There were no monsters in sight!

Vanquished Creatures
  the Royal Jelly (Slime:5)
  3 dread liches (Zot:5)
  Khufu (Crypt:3)
  9 orbs of fire
  4 ancient liches (Zot:5)
  A juggernaut (Depths:2)
  Sojobo (Vaults:3)
  Josephina (Crypt:2)
  Vv (Zot:4)
  2 royal mummies
  Margery (Vaults:3)
  A curse toe (Zot:5)
  Bai Suzhen (Shoals:3)
  Saint Roka (Vaults:4)
  5 Killer Klowns
  Xtahua (Vaults:3)
  A caustic shrike (Depths:2)
  9 golden dragons
  Jory (Vaults:4)
  A bone dragon (Zot:1)
  Arachne (Spider:3)
  A pandemonium lord (Zot:1)
  16 tentacled monstrosities
  A Tzitzimitl (D:14)
  5 electric golems
  Jorgrun (D:13)
  4 liches
  A walking crystal tome (Depths:3)
  2 walking earthen tomes
  5 quicksilver dragons
  2 titans (Depths:2)
  A deep elf master archer (Elf:3)
  24 Orb Guardians
  24 acid blobs
  2 deep elf blademasters (Elf:3)
  Asterion (Spider:2)
  Polyphemus (Shoals:2)
  3 sphinxes
  3 ancient champions
  A kraken (Shoals:4)
  3 tengu reavers (Vaults:3)
  Gastronok (Lair:3)
  9 death cobs
  9 draconian monks
  7 azure jellies
  A thorn hunter (Depths:3)
  Donald (Spider:4)
  Ilsuiw (Shoals:4)
  A demonspawn warmonger (D:1)
  12 storm dragons
  7 shadow dragons
  2 revenants
  Roxanne (Spider:3)
  An iron dragon (Depths:4)
  16 fire giants
  5 emperor scorpions
  14 rockslimes
  4 draconian knights
  14 vault wardens
  A balrug (Depths:4)
  5 deep elf sorcerers (Elf:3)
  2 caustic shrike zombies
  5 draconian shifters
  Aizul (Vaults:4)
  An orc warlord (Orc:2)
  4 draconian scorchers
  7 frost giants
  5 deep elf elementalists (Elf:3)
  11 ghost moths
  4 curse skulls
  17 quicksilver oozes
  17 ironbound preservers
  A ghoul (Crypt:3)
  7 draconian stormcallers
  20 stone giants
  6 draconian annihilators
  2 broodmothers (Spider:4)
  A spriggan defender (Depths:2)
  A reaper (Depths:2)
  A war gargoyle (Vaults:4)
  24 very ugly things
  9 ironbound thunderhulks
  5 green draconians
  15 vampire knights
  2 lorocyprocas (D:1)
  3 deep elf annihilators (Elf:3)
  5 deep elf demonologists
  Azrael (Spider:3)
  9 entropy weavers
  19 black draconians
  17 red draconians
  10 yellow draconians
  8 spark wasps
  7 dire elephants
  12 white draconians
  A demonspawn black sun (D:1)
  2 crystal guardians (Vaults:4)
  8 purple draconians
  4 eidola
  2 statues (D:13)
  12 ettins
  4 deep elf death magi
  11 merfolk impalers
  A blizzard demon (D:10)
  2 green deaths
  12 yaktaur captains
  An ettin (shapeshifter) (Depths:2)
  4 deep elf high priests
  3 fire dragons
  8 merfolk javelineers
  11 jiangshi
  10 vault guards
  6 ice dragons
  11 great orbs of eyes
  9 hydras
  6 peacekeepers
  A radroach (Spider:2)
  4 rakshasas (Depths:2)
  7 boulder beetles
  3 ogre magi
  7 ironbound frosthearts
  4 merfolk avatars
  6 spriggan air magi
  2 demonspawn (Orc:2)
  An alligator snapping turtle (Shoals:4)
  3 jorogumos
  8 two-headed ogres
  4 catoblepae
  9 tengu warriors
  39 dancing weapons
  7 centaur warriors
  7 merfolk aquamancers
  3 death knights
  12 death yaks
  4 hell hogs (Depths:4)
  16 vampire magi
  A satyr (Shoals:4)
  10 deep troll shamans
  6 deep troll earth magi
  7 orc high priests
  4 storm dragon zombies
  A titan skeleton (D:15)
  4 soul eaters
  19 deep elf knights
  6 sun demons
  7 spriggan berserkers
  5 iron trolls
  6 hell knights
  4 pharaoh ants
  A salamander mystic (Depths:4)
  67 deep trolls
  2 golden dragon zombies (Crypt:3)
  19 skeletal warriors
  7 sea snakes
  7 flayed ghosts
  5 steelbarb worms
  11 orb spiders
  An obsidian statue (Zot:5)
  An orange crystal statue (IceCv)
  9 wizards
  2 bog bodies (Crypt:3)
  2 glowing orange brains (Depths:2)
  16 lindwurms
  13 ironbound convokers
  A large abomination (Depths:3)
  5 orc knights (Orc:2)
  5 deep elf archers
  5 necromancers
  33 deep elf pyromancers
  14 phantasmal warriors
  A goliath frog zombie (Crypt:1)
  31 wolf spiders
  18 fauns
  28 deep elf zephyrmancers
  A tengu zombie (Depths:1)
  42 ugly things
  A shining eye (shapeshifter) (Depths:2)
  14 manticores
  7 harpies
  3 oklob plants
  11 orc sorcerers
  9 shining eyes
  2 salamanders (Depths:4)
  A salamander (shapeshifter) (Depths:2)
  32 moths of wrath
  2 stone giant skeletons
  10 elephants
  A centaur zombie (Crypt:3)
  17 merfolk sirens
  5 cyclopes
  A black mamba (Lair:3)
  A frost giant skeleton (Vaults:1)
  13 water nymphs
  4 eyes of devastation
  2 smoke demons (Depths:4)
  A rust devil (Orc:2)
  A storm dragon simulacrum (IceCv)
  10 torpor snails
  13 vault sentinels
  4 gargoyles
  An orange demon (Orc:2)
  11 cane toads
  A catoblepas zombie (Crypt:3)
  An unseen horror (D:12)
  3 rime drakes
  5 demonic crawlers
  An unseen horror zombie (D:8)
  A white draconian zombie (Crypt:2)
  8 tengu conjurers
  36 yaktaurs
  A yaktaur (shapeshifter) (Depths:3)
  9 komodo dragons
  A spriggan zombie (D:15)
  A tormentor (D:3)
  A pale draconian skeleton (Crypt:1)
  An anaconda simulacrum (Crypt:2)
  3 efreet (Zot:1)
  A hellwing (Orc:2)
  2 freezing wraiths (Crypt:1)
  An iron troll zombie (Crypt:2)
  A harpy zombie (Crypt:3)
  A red draconian zombie (Crypt:2)
  6 guardian mummies
  8 golden dragon simulacra (IceCv)
  A catoblepas skeleton (Crypt:2)
  A troll (shapeshifter) (D:11)
  23 merfolk
  8 trolls
  3 polar bears
  9 hornets
  31 tarantellas
  21 blink frogs
  58 slime creatures
  5 wind drakes
  A fire dragon zombie (Crypt:3)
  8 snapping turtles
  A blink frog (shapeshifter) (Elf:2)
  An iron dragon simulacrum (Crypt:2)
  2 ettin zombies
  A meliai zombie (Crypt:2)
  21 dream sheep
  Sigmund (D:6)
  2 air elementals (Elf:3)
  52 jumping spiders
  A deep troll skeleton (Vaults:1)
  3 spriggans
  19 vampires
  A ynoxinul (Depths:3)
  A jumping spider (shapeshifter) (Vaults:3)
  24 culicivoras
  15 water elementals
  3 basilisks
  10 wraiths
  2 shadows
  7 fire elementals
  A yak (shapeshifter) (D:14)
  33 yaks
  An ettin skeleton (Crypt:2)
  A steam dragon (D:6)
  A redback (shapeshifter) (D:8)
  10 golden eyes
  A neqoxec (Orc:2)
  Menkaure (D:6)
  A harpy simulacrum (Crypt:2)
  A fire bat zombie (Crypt:3)
  2 swamp worms (Lair:5)
  6 wargs
  93 redbacks
  A naga zombie (Crypt:3)
  16 water moccasins
  An acid dragon (D:9)
  A hell hound (Spider:3)
  A merfolk skeleton (Crypt:2)
  2 floating eyes (Depths:3)
  A floating eye (shapeshifter) (Vaults:4)
  A floating eye zombie (Depths:1)
  48 orc warriors
  3 black bears
  A manticore zombie (Crypt:1)
  A lindwurm zombie (Crypt:3)
  An ice beast (D:7)
  A black mamba simulacrum (Crypt:2)
  13 boggarts
  8 ogres
  3 ice dragon simulacra (IceCv)
  3 phantoms
  7 wolves
  A hog zombie (Crypt:1)
  13 centaurs
  A kobold brigand (D:9)
  A human zombie (Vaults:1)
  A yaktaur zombie (Crypt:3)
  7 bullfrogs
  5 necrophages
  6 earth elementals
  2 human skeletons (Vaults:1)
  3 gnoll sergeants
  5 scorpions
  A wyvern skeleton (Crypt:2)
  6 wights (D:8)
  A warg skeleton (Crypt:2)
  9 lindwurm simulacra (IceCv)
  6 killer bees
  4 electric eels
  10 howler monkeys
  A wolf skeleton (Crypt:1)
  8 jellies
  29 orc priests
  3 hounds
  Jessica (D:3)
  Ijyb (D:4)
  6 iguanas
  21 orc wizards
  3 killer bee zombies (D:8)
  An acid dragon zombie (Crypt:2)
  2 human simulacra (D:14)
  8 mummies (Crypt:3)
  7 gnolls
  5 adders
  4 white imps
  An ufetubus (D:4)
  2 worms (D:2)
  A lava snake skeleton (Crypt:3)
  5 dart slugs
  111 orcs
  6 ball pythons
  A bat zombie (Crypt:3)
  7 endoplasms
  7 giant cockroaches
  A gnoll zombie (Crypt:1)
  3 goblins
  4 hobgoblins
  2 jackals
  7 kobolds
  2 quokkas
  6 bats
  3 frilled lizards
  5 rats
  A river rat skeleton (Crypt:1)
  A bush (D:8)
  A fire vortex (Depths:4)
  3 tentacles (Shoals:4)
2454 creatures vanquished.

Vanquished Creatures (others)
  4 ugly things (Depths:1)
  A bush (D:8)
  9 fungi
  73 plants
  7 tentacles (Shoals:4)
  A withered plant (D:15)
95 creatures vanquished.

Grand Total: 2549 creatures vanquished

Notes
Turn   | Place    | Note
-------+----------+-------------------------------------------
     0 | D:1      | TittyCrusher the Kobold Hunter began the quest for the Orb.
     0 | D:1      | Reached XP level 1. HP: 12/12 MP: 1/1
    27 | D:1      | You fall into a shaft and drop 1 floor!
    27 | D:2      | Found a shimmering altar of Xom.
   623 | D:1      | Reached XP level 2. HP: 17/17 MP: 2/2
  1033 | D:2      | Reached skill level 6 in Ranged Weapons
  1226 | D:2      | Reached XP level 3. HP: 21/21 MP: 3/3
  1383 | D:2      | Noticed Terence
  1605 | D:2      | Found a faded altar of an unknown god.
  2031 | D:3      | Reached skill level 7 in Ranged Weapons
  2034 | D:3      | Found a glowing golden altar of the Shining One.
  2067 | D:3      | Found a burning altar of Makhleb.
  2104 | D:3      | Reached XP level 4. HP: 26/26 MP: 4/4
  2105 | D:3      | Found a stormy altar of Qazlal.
  2215 | D:3      | Found a hide-covered altar of Uskayaw.
  2226 | D:3      | Found an opulent altar of Gozag.
  2235 | D:3      | Noticed Jessica
  2239 | D:3      | Killed Jessica
  2288 | D:3      | Found a sparkling altar of Nemelex Xobeh.
  2310 | D:3      | Reached XP level 5. HP: 30/30 MP: 5/5
  2550 | D:3      | Found an iron altar of Okawaru.
  2550 | D:3      | Found a bloodstained altar of Trog.
  2555 | D:3      | Became a worshipper of Warmaster Okawaru
  2755 | D:4      | Reached skill level 8 in Ranged Weapons
  2782 | D:4      | Noticed Ijyb
  2797 | D:4      | Killed Ijyb
  2856 | D:4      | Noticed an ogre
  3064 | D:4      | Killed an ogre
  3064 | D:4      | Reached * piety under Okawaru
  3065 | D:4      | Reached skill level 9 in Ranged Weapons
  3065 | D:4      | Reached XP level 6. HP: 35/35 MP: 6/6
  3144 | D:4      | Found a staircase to the Ecumenical Temple.
  3414 | D:4      | Reached skill level 10 in Ranged Weapons
  3415 | D:4      | Found a shimmering blue altar of Sif Muna.
  3470 | D:4      | Reached XP level 7. HP: 37/40 MP: 7/7
  3587 | D:4      | Reached ** piety under Okawaru
  3597 | D:4      | Reached skill level 11 in Ranged Weapons
  3669 | D:4      | Found a runed translucent door.
  3672 | D:4      | Noticed Crazy Yiuf
  3855 | D:5      | Entered Level 5 of the Dungeon
  3917 | D:5      | Found a shimmering altar of Xom.
  4035 | D:5      | Reached XP level 8. HP: 44/44 MP: 6/8
  4077 | D:5      | Reached skill level 12 in Ranged Weapons
  4457 | D:6      | Noticed Sigmund
  4477 | D:6      | Killed Sigmund
  4478 | D:6      | Reached skill level 13 in Ranged Weapons
  4611 | D:6      | Reached *** piety under Okawaru
  4724 | D:6      | Found an ancient bone altar of Kikubaaqudgha.
  4991 | D:6      | Noticed Menkaure
  5005 | D:6      | Killed Menkaure
  5006 | D:6      | Reached skill level 14 in Ranged Weapons
  5433 | D:6      | Reached XP level 9. HP: 48/48 MP: 9/9
  5489 | D:6      | Found a glowing silver altar of Zin.
  5784 | D:7      | Reached skill level 1 in Invocations
  5836 | D:7      | Found a flagged portal.
  5912 | Bailey   | Entered a bailey
  6161 | Bailey   | Reached skill level 5 in Invocations
  6198 | Bailey   | Reached **** piety under Okawaru
  6454 | Bailey   | Identified the +1 fire dragon scales "Akuteq" {Drain +Blink
                  | rF++ rC- rN++ SInv}
  6703 | D:7      | Reached skill level 15 in Ranged Weapons
  6805 | D:7      | Reached XP level 10. HP: 53/53 MP: 15/15
  7388 | D:8      | Reached skill level 5 in Dodging
  7431 | D:8      | Identified the +5 hand crossbow of Mayhem {elec, Str-5
                  | Int+2 Dex+10 Stlth-}
  7431 | D:8      | Identified the +5 shortbow "Dayx Men" {venom, Fragile Str+7
                  | Stlth+}
  7431 | D:8      | Noticed a centaur warrior
  7446 | D:8      | Killed a centaur warrior
  7460 | D:8      | Noticed a white ugly thing
  7469 | D:8      | Killed a white ugly thing
  7469 | D:8      | Reached ***** piety under Okawaru
  7632 | D:8      | Reached skill level 10 in Dodging
  7639 | D:8      | Reached XP level 11. HP: 57/57 MP: 11/16
  7795 | D:8      | Got the Monograph on the Breezy Comitatus
  7952 | D:8      | Noticed a catoblepas
  7986 | D:8      | Noticed a skeletal warrior
  7994 | D:8      | Killed a skeletal warrior
  7994 | D:8      | Received a gift from Okawaru
  7995 | D:8      | Reached skill level 16 in Ranged Weapons
  7995 | D:8      | Noticed a two-headed ogre
  8003 | D:8      | Killed a two-headed ogre
  8006 | D:8      | Killed a catoblepas
  8170 | D:8      | Reached skill level 17 in Ranged Weapons
  8320 | D:8      | Noticed a tengu warrior
  8328 | D:8      | Killed a tengu warrior
  8328 | D:8      | Received a gift from Okawaru
  8588 | D:8      | Found a blossoming altar of Fedhas.
  8822 | D:9      | Noticed a sixfirhy
  8824 | D:9      | Found a runed translucent door.
  9065 | D:9      | Noticed a two-headed ogre
  9069 | D:9      | Killed a two-headed ogre
  9070 | D:9      | Reached XP level 12. HP: 66/66 MP: 17/17
  9081 | D:9      | Found Ifagraam's Jewellery Shop.
  9086 | D:9      | Bought a +4 ring of evasion for 432 gold pieces
  9140 | D:9      | Reached skill level 5 in Fighting
  9157 | D:9      | Found a staircase to the Orcish Mines.
  9332 | D:9      | Found a staircase to the Lair.
 10112 | Lair:1   | Entered Level 1 of the Lair of Beasts
 10378 | Lair:1   | Identified the +10 hand crossbow of the Gnashing Bear
                  | {flame, rN+ Dex+6} (Okawaru gifted it to you on level 1 of
                  | the Lair of Beasts)
 10378 | Lair:1   | Received a gift from Okawaru
 10490 | Lair:1   | Reached ****** piety under Okawaru
 11113 | Lair:2   | Reached skill level 10 in Fighting
 11594 | Lair:2   | Found a hole to the Spider Nest.
 12060 | Lair:2   | Received a gift from Okawaru
 12061 | Lair:2   | Reached skill level 1 in Armour
 12165 | Lair:3   | Reached XP level 13. HP: 84/84 MP: 18/18
 12262 | Lair:3   | Found a staircase to the Shoals.
 12319 | Lair:3   | Found a dark tunnel.
 12325 | Volcano  | Entered a volcano
 12558 | Lair:3   | Reached skill level 5 in Armour
 12713 | Lair:3   | Noticed a seven-headed hydra
 12716 | Lair:3   | Killed a seven-headed hydra
 12716 | Lair:3   | Received a gift from Okawaru
 12921 | Lair:3   | Noticed Gastronok
 12929 | Lair:3   | Killed Gastronok
 13316 | Lair:4   | Noticed a seven-headed hydra
 13318 | Lair:4   | Killed a seven-headed hydra
 13419 | Lair:4   | Found a transporter.
 13480 | Lair:4   | Noticed a five-headed hydra
 13484 | Lair:4   | Killed a five-headed hydra
 13484 | Lair:4   | Received a gift from Okawaru
 13528 | Lair:4   | Found a transporter.
 13561 | Lair:4   | Noticed Guuquyx's ghost (journeyman TrMo)
 13912 | Lair:5   | Entered Level 5 of the Lair of Beasts
 13917 | Lair:4   | Reached skill level 18 in Ranged Weapons
 13946 | Lair:5   | Noticed a five-headed hydra
 13957 | Lair:5   | Killed a five-headed hydra
 13986 | Lair:5   | Identified the +6 trident of the First Teeth {elec, rC+}
                  | (Okawaru gifted it to you on level 5 of the Lair of Beasts)
 13986 | Lair:5   | Received a gift from Okawaru
 14016 | Lair:5   | Reached skill level 19 in Ranged Weapons
 14060 | Lair:5   | Reached XP level 14. HP: 76/90 MP: 19/19
 14352 | Lair:5   | Reached skill level 20 in Ranged Weapons
 14395 | Lair:5   | Found a staircase to the Slime Pits.
 14462 | Lair:5   | Identified the +1 shortbow of Woseth {freeze, *Slow rF+ rC+
                  | rCorr} (Okawaru gifted it to you on level 5 of the Lair of
                  | Beasts)
 14462 | Lair:5   | Received a gift from Okawaru
 14510 | Lair:5   | Reached skill level 21 in Ranged Weapons
 14644 | Lair:5   | Reached skill level 5 in Stealth
 14705 | Lair:5   | Received a gift from Okawaru
 14931 | Lair:5   | Received a gift from Okawaru
 15169 | Lair:5   | Identified the ring "Limenair" {rPois rCorr}
 15188 | Lair:5   | Reached skill level 10 in Stealth
 15429 | D:10     | Entered Level 10 of the Dungeon
 15507 | D:10     | Found Ichain's Armour Boutique.
 15818 | D:10     | Found a basalt altar of Yredelemnul.
 15931 | D:10     | Reached XP level 15. HP: 94/94 MP: 20/20
 16556 | D:11     | Found Aphalech's Antique Weapon Shoppe.
 16899 | D:12     | Received a gift from Okawaru
 16978 | Orc:1    | Entered Level 1 of the Orcish Mines
 16987 | Orc:1    | Found a transporter.
 17176 | Orc:2    | Entered Level 2 of the Orcish Mines
 17263 | Orc:2    | Found a staircase to the Elven Halls.
 17316 | Orc:2    | Noticed an orc warlord
 17329 | Orc:2    | Killed an orc warlord
 18393 | Orc:2    | Found Juageutu's Magic Scroll Shoppe.
 18416 | Orc:2    | Found Nicuw's Magic Scroll Emporium.
 18421 | Orc:2    | Bought a scroll of teleportation for 48 gold pieces
 18421 | Orc:2    | Bought a scroll of teleportation for 48 gold pieces
 18423 | Orc:2    | Bought a scroll of blinking for 112 gold pieces
 18423 | Orc:2    | Bought a scroll of blinking for 112 gold pieces
 18473 | Orc:2    | Identified the +3 crystal plate armour of Okawaru's Pride
                  | {-Tele Drain Regen+ Stlth+} (Okawaru gifted it to you on
                  | level 2 of the Orcish Mines)
 18473 | Orc:2    | Received a gift from Okawaru
 18504 | Orc:2    | Reached skill level 10 in Invocations
 18822 | Orc:2    | Found Gajirr's Antique Weapon Shop.
 18822 | Orc:2    | Found Zoafotz's Jewellery Boutique.
 18827 | Orc:2    | Found a one-way gate leading to the halls of Pandemonium.
 19084 | Orc:2    | Bought a +6 ring of dexterity for 540 gold pieces
 19476 | D:12     | Reached skill level 22 in Ranged Weapons
 20051 | D:13     | Reached XP level 16. HP: 101/101 MP: 23/23
 20067 | D:13     | Received a gift from Okawaru
 20091 | D:13     | Found a gate to the Vaults.
 20781 | D:13     | Noticed Jorgrun
 20788 | D:13     | Killed Jorgrun
 20789 | D:13     | Reached skill level 23 in Ranged Weapons
 20801 | D:13     | Found a radiant altar of Vehumet.
 21159 | D:13     | Identified the +1 scale mail of Okawaru's Fury {rElec Will+
                  | Regen+} (Okawaru gifted it to you on level 13 of the
                  | Dungeon)
 21159 | D:13     | Received a gift from Okawaru
 22164 | D:15     | Entered Level 15 of the Dungeon
 22609 | D:15     | Found a staircase to the Depths.
 22840 | Orc:2    | Bought 3 scrolls of enchant weapon for 360 gold pieces
 23072 | D:15     | Reached skill level 10 in Armour
 23787 | Shoals:1 | Entered Level 1 of the Shoals
 23918 | Shoals:1 | Identified the +3 scale mail of the Saviour {rElec rCorr}
                  | (Okawaru gifted it to you on level 1 of the Shoals)
 23918 | Shoals:1 | Received a gift from Okawaru
 24090 | Shoals:1 | Reached XP level 17. HP: 46/106 MP: 24/24
 24219 | Shoals:1 | Found Neulur's Jewellery Shoppe.
 24743 | Shoals:2 | Found Jaechioroq's Antique Armour Emporium.
 24900 | Shoals:2 | Noticed Polyphemus
 24918 | Shoals:2 | Killed Polyphemus
 25061 | Shoals:2 | Received a gift from Okawaru
 25458 | Shoals:2 | Found Soih's Magic Scroll Boutique.
 25463 | Shoals:2 | Bought a scroll of blinking for 127 gold pieces
 25463 | Shoals:2 | Bought a scroll of blinking for 127 gold pieces
 25463 | Shoals:2 | Bought a scroll of teleportation for 51 gold pieces
 25505 | Shoals:2 | Reached skill level 24 in Ranged Weapons
 25958 | Shoals:3 | Found a runed translucent gate.
 25960 | Shoals:3 | Found a runed translucent gate.
 25961 | Shoals:3 | Found a runed translucent gate.
 26003 | Shoals:3 | Noticed Bai Suzhen
 26015 | Shoals:3 | Killed Bai Suzhen
 26161 | Shoals:3 | Received a gift from Okawaru
 26758 | Shoals:4 | Entered Level 4 of the Shoals
 26871 | Shoals:4 | Reached skill level 25 in Ranged Weapons
 27023 | Shoals:4 | Reached XP level 18. HP: 63/112 MP: 25/25
 27034 | Shoals:4 | Noticed Ilsuiw
 27040 | Shoals:4 | Killed Ilsuiw
 27040 | Shoals:4 | Received a gift from Okawaru
 27206 | Shoals:4 | Identified the ring of Naylo {Str+7 Dex+6}
 27493 | Shoals:4 | Noticed a kraken
 27520 | Shoals:4 | Reached skill level 26 in Ranged Weapons
 27542 | Shoals:4 | Killed a kraken
 27553 | Shoals:4 | Got a barnacled rune of Zot
 27893 | Shoals:1 | Bought a ring of protection from fire for 400 gold pieces
 28103 | Elf:1    | Entered Level 1 of the Elven Halls
 28665 | Elf:1    | Received a gift from Okawaru
 29002 | Elf:2    | Identified the +0 robe of Miracles {Harm Will- rCorr Str+4}
 29243 | Elf:2    | Reached skill level 15 in Fighting
 29258 | Elf:2    | Found a runed translucent gate.
 29259 | Elf:2    | Found a runed translucent gate.
 29259 | Elf:2    | Found a runed translucent gate.
 29339 | Elf:2    | Received a gift from Okawaru
 29696 | Elf:2    | Reached XP level 19. HP: 116/125 MP: 26/26
 29930 | Elf:2    | Identified the +1 chain mail "Ritoo" {Rampage Will+ rCorr}
                  | (Okawaru gifted it to you on level 2 of the Elven Halls)
 29930 | Elf:2    | Received a gift from Okawaru
 30331 | Elf:3    | Entered Level 3 of the Elven Halls
 30441 | Elf:3    | Identified the +3 ring mail of Kajumpeg {rF+ rCorr Stlth+}
 30765 | Elf:3    | Noticed a deep elf blademaster
 30774 | Elf:3    | Killed a deep elf blademaster
 31031 | Elf:3    | Identified the +8 sling of the Apocalypse {flame, Int+3}
                  | (Okawaru gifted it to you on level 3 of the Elven Halls)
 31031 | Elf:3    | Received a gift from Okawaru
 31113 | Elf:3    | Identified the +4 fire dragon scales of Okawaru's
                  | Condemnation {rF++ rC- Will+ rCorr Int+6}
 31113 | Elf:3    | Identified the amulet of Descent {Harm *Corrode rN++ Regen+
                  | Slay+3}
 31113 | Elf:3    | Noticed a deep elf blademaster
 31126 | Elf:3    | Killed a deep elf blademaster
 31163 | Elf:3    | Identified the +2 hat "Ophedorgh" {Harm rPois rCorr}
                  | (Okawaru gifted it to you on level 3 of the Elven Halls)
 31163 | Elf:3    | Received a gift from Okawaru
 31340 | Elf:3    | Killed a ghostly deep elf blademaster
 31519 | Elf:3    | Identified the +5 whip "Guaso" {speed, rElec rF- Int+8}
 31521 | Elf:3    | Identified the +1 mace of Evisceration {freeze, *Slow Fly
                  | rElec Dex+2}
 31561 | Elf:3    | Identified the +1 robe "Plog" {Str+4 Int+2}
 31593 | Elf:3    | Identified the ring of the Invisible Hand {Fly rF- rC++
                  | rCorr Stlth-}
 31598 | Elf:3    | Reached XP level 20. HP: 137/137 MP: 27/27
 31627 | Elf:3    | Got the Vellum of Bewitchment
 31636 | Elf:3    | Got the Codex of Hurtful Coordinates
 31952 | Spider:1 | Entered Level 1 of the Spider Nest
 31984 | Spider:1 | Found a frozen archway.
 31996 | IceCv    | Entered an ice cave
 32453 | IceCv    | Identified the amulet "Bizaanof" {Regen+ MP+9}
 32463 | IceCv    | Reached skill level 15 in Dodging
 32827 | Spider:1 | Received a gift from Okawaru
 32877 | Spider:1 | Got the Papyrus of the Inferno and Changing
 33614 | Spider:2 | Noticed Asterion
 33619 | Spider:2 | Killed Asterion
 33654 | Spider:2 | Reached skill level 1 in Evocations
 33666 | Spider:2 | Received a gift from Okawaru
 34010 | Spider:2 | Reached skill level 5 in Evocations
 34213 | Spider:3 | Noticed Arachne
 34716 | Spider:3 | Killed Arachne
 34756 | Spider:3 | Identified the +8 arbalest "Conservator" {penet, Str+4}
                  | (Okawaru gifted it to you on level 3 of the Spider Nest)
 34756 | Spider:3 | Received a gift from Okawaru
 35075 | Spider:3 | Reached XP level 21. HP: 105/138 MP: 28/28
 35222 | Spider:3 | Noticed Azrael
 35234 | Spider:3 | Killed Azrael
 35235 | Spider:3 | Reached skill level 10 in Evocations
 35450 | Spider:3 | Identified Roxanne's Handbook of Transfiguration
 35450 | Spider:3 | Noticed Roxanne
 35459 | Spider:3 | Killed Roxanne
 35607 | Spider:3 | Identified the +10 shortbow "Ymni" {vorpal, Str+9 Int+4
                  | Dex+2 Stlth-} (Okawaru gifted it to you on level 3 of the
                  | Spider Nest)
 35607 | Spider:3 | Received a gift from Okawaru
 35836 | Spider:4 | Entered Level 4 of the Spider Nest
 35933 | Spider:4 | Noticed Donald
 35940 | Spider:4 | Killed Donald
 35949 | Spider:4 | Identified the +4 ring mail of Wuviol {rElec Str+2}
 36251 | Spider:4 | Received a gift from Okawaru
 36376 | Spider:4 | Received a gift from Okawaru
 36978 | Spider:4 | Identified the +2 hat "Vaqaj" {-Tele +Inv rC+ rN++}
 37011 | Spider:4 | Got a gossamer rune of Zot
 37319 | Vaults:1 | Entered Level 1 of the Vaults
 37680 | Vaults:1 | Reached skill level 27 in Ranged Weapons
 38376 | Vaults:1 | Received a gift from Okawaru
 38418 | Vaults:1 | Identified a scroll of acquirement
 38450 | Vaults:1 | Reached XP level 22. HP: 148/148 MP: 29/29
 38456 | Vaults:1 | Acquired the ring of Yrhaiq {Will+ SInv}
 38788 | Vaults:2 | Identified the +8 rapier "Eggusiaj" {vorpal, Dex+3}
 39231 | Vaults:2 | Found Goveug's Weapon Shop.
 39255 | Vaults:2 | Identified the +6 triple crossbow "Daudoin" {penet, Int+5}
                  | (Okawaru gifted it to you on level 2 of the Vaults)
 39255 | Vaults:2 | Received a gift from Okawaru
 39386 | Vaults:2 | Reached skill level 15 in Armour
 40072 | Vaults:3 | Received a gift from Okawaru
 40312 | Vaults:3 | Noticed Xtahua
 40323 | Vaults:3 | Killed Xtahua
 40496 | Vaults:3 | Noticed Margery
 40504 | Vaults:3 | Killed Margery
 40507 | Vaults:3 | Noticed Sojobo
 40520 | Vaults:3 | Paralysed by an air elemental for 1 turns
 40618 | Vaults:3 | Found a staircase to the Crypt.
 40728 | Vaults:3 | Received a gift from Okawaru
 40825 | Vaults:3 | Killed Sojobo
 41062 | Vaults:3 | Reached XP level 23. HP: 134/153 MP: 30/30
 41125 | Vaults:3 | Identified the +0 helmet of Catatonia {Regen+ Dex+2}
                  | (Okawaru gifted it to you on level 3 of the Vaults)
 41125 | Vaults:3 | Received a gift from Okawaru
 41540 | Vaults:3 | Learned a level 4 spell: Leda's Liquefaction
 41576 | Vaults:4 | Reached skill level 1 in Hexes
 41576 | Vaults:4 | Reached skill level 1 in Earth Magic
 41723 | Vaults:4 | Noticed Jory
 41743 | Vaults:4 | Killed Jory
 42418 | Vaults:4 | Found Jasetent's Magic Scroll Boutique.
 42421 | Vaults:4 | Bought a scroll of fear for 76 gold pieces
 42520 | Vaults:4 | Reached skill level 5 in Hexes
 42520 | Vaults:4 | Reached skill level 5 in Earth Magic
 42653 | Vaults:4 | Found Baoho's Assorted Antiques.
 42658 | Vaults:4 | Noticed Saint Roka
 42671 | Vaults:4 | Killed Saint Roka
 42680 | Vaults:4 | Bought a potion of heal wounds for 165 gold pieces
 42915 | Vaults:4 | Identified the +9 arbalest "Haicluam" {vorpal, rF+ rC-
                  | rCorr Str+3} (Okawaru gifted it to you on level 4 of the
                  | Vaults)
 42915 | Vaults:4 | Received a gift from Okawaru
 42955 | Vaults:4 | Noticed a golden dragon
 42964 | Vaults:4 | Killed a golden dragon
 43578 | Vaults:4 | Noticed Aizul
 43582 | Vaults:4 | Killed Aizul
 43607 | Vaults:4 | Found Beriv's Book Shoppe.
 43826 | Vaults:4 | Found Axtuete's Weapon Emporium.
 43994 | Crypt:1  | Entered Level 1 of the Crypt
 44043 | Crypt:1  | Reached XP level 24. HP: 159/159 MP: 30/30
 44684 | Crypt:2  | Identified the ring "Xuacyuno" {Ice Str+4 Stlth+}
 44684 | Crypt:2  | Noticed Josephina
 44699 | Crypt:1  | Reached skill level 1 in Spellcasting
 44788 | Vaults:4 | Bought a scroll of enchant weapon for 247 gold pieces
 45471 | Shoals:2 | Bought a scroll of enchant weapon for 127 gold pieces
 45471 | Shoals:2 | Bought a scroll of enchant weapon for 127 gold pieces
 46040 | Crypt:1  | Received a gift from Okawaru
 46101 | Crypt:2  | Found a runed translucent door.
 46103 | Crypt:2  | Noticed rrossfarrar's ghost (veteran BaFi)
 46325 | Crypt:2  | Reached skill level 5 in Spellcasting
 46336 | Crypt:2  | Killed Josephina
 46461 | Crypt:2  | Identified the +5 rapier of Cyrod {distort, *Slow +Blink
                  | rN++ Str+2}
 46781 | Crypt:3  | Entered Level 3 of the Crypt
 46781 | Crypt:3  | Noticed a royal mummy
 46782 | Crypt:3  | Noticed Khufu
 46787 | Crypt:2  | Killed a royal mummy
 46987 | Crypt:3  | Noticed a royal mummy
 46994 | Crypt:3  | Killed a royal mummy
 47007 | Crypt:3  | Killed Khufu
 47169 | Crypt:3  | Found a staircase to the Tomb.
 47345 | Crypt:3  | Received a gift from Okawaru
 47873 | Crypt:3  | Identified the +10 rapier of the Snake Pit {vorpal, Int+7}
                  | (Okawaru gifted it to you on level 3 of the Crypt)
 47873 | Crypt:3  | Received a gift from Okawaru
 47935 | Crypt:3  | Reached XP level 25. HP: 169/169 MP: 34/34
 48902 | Slime:1  | Entered Level 1 of the Pits of Slime
 49813 | Slime:5  | Entered Level 5 of the Pits of Slime
 49945 | Slime:3  | Identified the +2 cloak of the Trees {*Slow rN+ Int+7}
                  | (Okawaru gifted it to you on level 3 of the Pits of Slime)
 49945 | Slime:3  | Received a gift from Okawaru
 49974 | Slime:3  | Learned a level 4 spell: Cause Fear
 50732 | Slime:5  | Noticed the Royal Jelly
 51458 | Slime:5  | Found a viscous altar of Jiyva.
 51492 | Slime:5  | Killed the Royal Jelly
 51643 | Slime:5  | Identified the +2 robe "Fyogyof" {rElec}
 51659 | Slime:5  | Got Jakeafi's Papyrus of the Heated Tesseract
 51669 | Slime:5  | Got a slimy rune of Zot
 51684 | Slime:5  | Identified the +4 whip "Ufycrok" {drain, MP+9}
 51700 | Slime:5  | Identified the +8 whip of the Five Quests {flame, Fragile
                  | rC+ Str+2 SInv}
 51705 | Slime:5  | Identified the +10 morningstar of Puugoall {vorpal, rF++
                  | rCorr}
 52104 | Depths:1 | Entered Level 1 of the Depths
 52385 | Depths:1 | Found a hide-covered altar of Uskayaw.
 52417 | Depths:1 | Found Jicas's Jewellery Shop.
 52423 | Depths:1 | Found Lalaf's Magic Scroll Boutique.
 52435 | Depths:1 | Bought a scroll of blinking for 120 gold pieces
 52435 | Depths:1 | Bought a scroll of enchant armour for 120 gold pieces
 52435 | Depths:1 | Bought a scroll of teleportation for 48 gold pieces
 52435 | Depths:1 | Bought a scroll of teleportation for 48 gold pieces
 52722 | Depths:1 | Reached skill level 15 in Invocations
 52743 | Depths:1 | Found a gateway to Hell.
 52775 | Depths:1 | Found a flickering gateway to a bazaar.
 52783 | Bazaar   | Entered a bazaar
 52830 | Bazaar   | Found Jedadgh's Antique Armour Emporium.
 52864 | Bazaar   | Found Keug's Magic Scroll Emporium.
 52864 | Bazaar   | Found Tushru's Assorted Antiques.
 52869 | Bazaar   | Bought a potion of curing for 72 gold pieces
 52869 | Bazaar   | Bought a scroll of teleportation for 72 gold pieces
 52869 | Bazaar   | Bought a potion of curing for 72 gold pieces
 52869 | Bazaar   | Bought a polished scale mail for 216 gold pieces
 52869 | Bazaar   | Identified the +1 scale mail "Culedidgh" {rC++ Regen+
                  | Str+5} (You bought it in a shop in a bazaar)
 52875 | Bazaar   | Bought a scroll of enchant weapon for 67 gold pieces
 52882 | Bazaar   | Bought a scroll of enchant armour for 180 gold pieces
 52893 | Bazaar   | Found Ystrapon's Magic Scroll Shoppe.
 52901 | Bazaar   | Bought a scroll of enchant armour for 67 gold pieces
 52901 | Bazaar   | Bought a scroll of fear for 36 gold pieces
 52901 | Bazaar   | Bought a scroll of immolation for 36 gold pieces
 53032 | Depths:1 | Reached XP level 26. HP: 149/177 MP: 34/34
 53161 | Depths:1 | Identified the +7 triple crossbow of Invincibility {venom,
                  | Fly rElec rC- Int+7 Dex-5} (Okawaru gifted it to you on
                  | level 1 of the Depths)
 53161 | Depths:1 | Received a gift from Okawaru
 53260 | Depths:1 | Found a hazy altar of Hepliaklqana.
 53375 | Depths:2 | Found a one-way gateway to a ziggurat.
 53573 | Depths:2 | Learned a level 2 spell: Blink
 53870 | Depths:2 | Reached skill level 1 in Translocations
 53914 | Depths:2 | Noticed a juggernaut
 53931 | Depths:2 | Killed a juggernaut
 53967 | Depths:2 | Identified the +6 arbalest "Teusiz" {elec, Fragile rPois
                  | rC+++ Str-2} (Okawaru gifted it to you on level 2 of the
                  | Depths)
 53967 | Depths:2 | Received a gift from Okawaru
 54028 | Depths:2 | Reached skill level 5 in Translocations
 54416 | Depths:2 | Received a gift from Okawaru
 55011 | Depths:3 | Found a corrupted altar of Lugonu.
 55011 | Depths:3 | Found a one-way gate to the infinite horrors of the Abyss.
 55172 | Depths:3 | Identified the +7 shortbow "Jelly's Doom" {freeze, Str+5
                  | Int-4}
 55575 | Depths:4 | Entered Level 4 of the Depths
 55631 | Depths:4 | Found a gate to the Realm of Zot.
 55855 | Depths:4 | Reached XP level 27. HP: 186/186 MP: 35/35
 55903 | Depths:4 | Received a gift from Okawaru
 56789 | Zot:1    | Entered Level 1 of the Realm of Zot
 56867 | Zot:1    | Noticed an orb of fire
 56874 | Zot:1    | Gained mutation: You are frail. (-10% HP) [an orb of fire]
 56877 | Zot:1    | Gained mutation: You are occasionally teleported next to
                  | monsters. [an orb of fire]
 56881 | Zot:1    | Gained mutation: Your magical capacity is low. (-10% MP)
                  | [an orb of fire]
 56882 | Zot:1    | Killed an orb of fire
 56887 | Zot:1    | Identified the +2 pair of gloves "Teppudoykh" {rPois Dex+3}
                  | (Okawaru gifted it to you on level 1 of the Realm of Zot)
 56887 | Zot:1    | Received a gift from Okawaru
 56925 | Depths:4 | Lost mutation: Your magical capacity is low. (-10% MP)
                  | [potion of mutation]
 56925 | Depths:4 | Lost mutation: You are frail. (-10% HP) [potion of
                  | mutation]
 56925 | Depths:4 | Gained mutation: You passively dampen the noise of your
                  | surroundings. [potion of mutation]
 56925 | Depths:4 | Gained mutation: Your spells are a little harder to cast,
                  | but a little more powerful. [potion of mutation]
 56925 | Depths:4 | Gained mutation: You are robust. (+10% HP) [potion of
                  | mutation]
 56926 | Depths:4 | Lost mutation: You are robust. (+10% HP) [potion of
                  | mutation]
 56926 | Depths:4 | Lost mutation: You are occasionally teleported next to
                  | monsters. [potion of mutation]
 56926 | Depths:4 | Gained mutation: Your mind is acute. (Int +4, Str/Dex -1)
                  | [potion of mutation]
 56926 | Depths:4 | Gained mutation: You have hidden genetic potential. [potion
                  | of mutation]
 56926 | Depths:4 | Gained mutation: You have a pair of small antennae on your
                  | head. [potion of mutation]
 57412 | Zot:1    | Noticed an orb of fire
 57416 | Zot:1    | Killed an orb of fire
 57544 | Zot:1    | You fall into a shaft and drop 1 floor!
 57787 | Zot:1    | Identified the +1 scale mail of Context {Harm *Slow Fly}
                  | (Okawaru gifted it to you on level 1 of the Realm of Zot)
 57787 | Zot:1    | Received a gift from Okawaru
 58722 | Zot:2    | Learned a level 6 spell: Dispersal
 59163 | Zot:3    | Noticed an orb of fire
 59170 | Zot:3    | Killed an orb of fire
 59171 | Zot:3    | Reached skill level 10 in Translocations
 59613 | Zot:3    | Identified the +0 hat "Guxzepn" {Harm} (Okawaru gifted it
                  | to you on level 3 of the Realm of Zot)
 59613 | Zot:3    | Received a gift from Okawaru
 59619 | Zot:3    | Noticed a Killer Klown
 59620 | Zot:3    | Gained mutation: You expend magic power (3 MP) to
                  | strengthen your wands. [hidden potential]
 59625 | Zot:3    | Killed a Killer Klown
 59678 | Zot:3    | Identified the +1 leather armour of Noon {Fly Str+3 Int-2
                  | Dex+3}
 60185 | Zot:5    | Entered Level 5 of the Realm of Zot
 60446 | Zot:4    | Noticed an orb of fire
 60447 | Zot:4    | Killed an orb of fire
 60637 | Zot:4    | Noticed Vv
 60644 | Zot:4    | Killed Vv
 60694 | Zot:4    | Received a gift from Okawaru
 60697 | Zot:4    | Reached skill level 15 in Translocations
 61000 | Zot:5    | Found a runed translucent gate.
 61000 | Zot:5    | Found a runed translucent gate.
 61000 | Zot:5    | Found an opulent altar of Gozag.
 61002 | Zot:5    | Found a runed translucent gate.
 61004 | Zot:5    | Found Paclel's Assorted Antiques.
 61004 | Zot:5    | Noticed a Killer Klown
 61006 | Zot:5    | Noticed cheesebisquit's ghost (master MiHu)
 61415 | Zot:5    | Noticed an ancient lich
 61419 | Zot:5    | Killed an ancient lich
 61430 | Zot:5    | Noticed an orb of fire
 61434 | Zot:5    | Killed an orb of fire
 61434 | Zot:5    | Identified the +7 rapier "Ahuaboi" {venom, rPois rC-
                  | Stlth+} (Okawaru gifted it to you on level 5 of the Realm
                  | of Zot)
 61434 | Zot:5    | Received a gift from Okawaru
 61448 | Zot:5    | Noticed a Killer Klown
 61448 | Zot:5    | Noticed an ancient lich
 61452 | Zot:5    | Noticed a Killer Klown
 61642 | Zot:5    | Killed a Killer Klown
 61644 | Zot:5    | Killed an ancient lich
 61659 | Zot:5    | Killed a Killer Klown
 61659 | Zot:5    | Noticed a dread lich
 61664 | Zot:5    | Killed a dread lich
 61861 | Zot:5    | Gained mutation: You have very sharp teeth. [hidden
                  | potential]
 61861 | Zot:5    | Lost mutation: You have hidden genetic potential. [hidden
                  | potential expressed]
 61951 | Zot:5    | Noticed an ancient lich
 61954 | Zot:5    | Killed an ancient lich
 61954 | Zot:5    | Received a gift from Okawaru
 61982 | Zot:5    | Noticed an orb of fire
 61995 | Zot:5    | Killed an orb of fire
 62060 | Zot:5    | Noticed an ancient lich
 62061 | Zot:5    | Killed an ancient lich
 62061 | Zot:5    | Received a gift from Okawaru
 62066 | Zot:5    | Noticed an orb of fire
 62067 | Zot:5    | Noticed an orb of fire
 62070 | Zot:5    | Gained mutation: Your body sometimes deteriorates upon
                  | taking damage. [an orb of fire]
 62079 | Zot:5    | Killed an orb of fire
 62081 | Zot:5    | Noticed a Killer Klown
 62082 | Zot:5    | Noticed a Killer Klown
 62088 | Zot:5    | Killed an orb of fire
 62092 | Zot:5    | Killed a Killer Klown
 62099 | Zot:5    | Killed a Killer Klown
 62125 | Zot:5    | Noticed a dread lich
 62133 | Zot:5    | Killed a dread lich
 62135 | Zot:5    | Identified the +1 scale mail "Vuhetiu" {rPois} (Okawaru
                  | gifted it to you on level 5 of the Realm of Zot)
 62135 | Zot:5    | Received a gift from Okawaru
 62266 | Zot:5    | Noticed a dread lich
 62271 | Zot:5    | Killed a dread lich
 62272 | Zot:5    | Noticed an orb of fire
 62276 | Zot:5    | Killed an orb of fire
 62314 | Zot:5    | Got the Orb of Zot
 62392 | Zot:1    | Noticed Ippeacyi the pandemonium lord
 62398 | Zot:1    | Killed Ippeacyi the pandemonium lord
 62965 | D:$      | Escaped with the Orb!

Illustrated notes

Levels and vault maps discovered:
D:1:      dpeg_arrival_tiny_b, layout_basic, kennysheep_pointless_box
D:2:      layout_basic, shapermc_ecumenical_altar_notcrosses, basic_altar,
          uniq_terence
D:3:      layout_basic, grunt_temple_overflow_bloody_war,
          mainiacjoe_overflow_two_lobes, nemelex_spade_bored_becter,
          mainiacjoe_overflow_six_doors_small, nicolae_qazlal_scattered_showers,
          grunt_gozag_statues, uniq_jessica
D:4:      layout_basic, nicolae_overflow_crystal_walls, temple_doors_e,
          uniq_crazy_yiuf_cottage, uniq_ijyb
D:5:      layout_basic, brannock_xom_greatest_gift
D:6:      layout_basic, old_standard_altar, zin_scriptorium, uniq_menkaure,
          uniq_sigmund
D:7:      nicolae_cairo_tiling_large, layout_basic, enter_bailey_8,
          minivault_11, st_stairs_1, grunt_ministairs_12
D:8:      minmay_the_grid_octo_2x2 [minmay_the_grid_octo_checkered,
          minmay_the_grid_octo_chip, minmay_the_grid_octo_fan_narrow,
          minmay_the_grid_octo_prize_square_snowflake], layout_basic,
          fedhas_altar_decomposition
D:9:      cheibrodos_shockbox, layout_stronghold, erik_lair_orcish_takeover,
          david_orc_5, serial_shops, shop, chequers_big_river
D:10:     layout_loops_ring, mainiacjoe_overflow_surrounded_room, serial_shops,
          nicolae_shop_advertising_works [nicolae_subvault_shop_adworks]
D:11:     layout_basic, serial_shops, shop_fountains
D:12:     layout_roguey
D:13:     evilmike_halls_of_destruction, layout_rooms, erik_vaults_1
D:14:     layout_basic, minmay_staircase_windowed_small, bh_circular_ruins
D:15:     gammafunk_depths_entry_grave, layout_gridville, minivault_27
Lair:1:   layout_regular_city, grunt_megastairs_1, infiniplex_staircase_pool_2
Lair:2:   layout_cellular_growth, nicolae_spider_entry_non_spiders
Lair:3:   layout_cave_pods, elwin_shoals_entry_stream,
          nicolae_volcano_entry_lava_flow, grunt_megastairs_4,
          infiniplex_staircase_pool, uniq_gastronok
Lair:4:   layout_cave_shapes, gammafunk_ghost_arena, serial_bayou_shore_b
Lair:5:   grunt_lair_end_beastmaster, layout_big_grid,
          minmay_slime_entry_pillars, worms_lemuel, grunt_megastairs_2
Shoals:1: layout_shoals, serial_shops, shop, nicolae_shoals_pincushion_passage
Shoals:2: layout_shoals, serial_shops, nicolae_shop_waterfront,
          nicolae_stop_n_shop_1, st_sunken_temple, uniq_polyphemus
Shoals:3: layout_shoals, gammafunk_ghost_necromancy, uniq_bai_suzhen
Shoals:4: shoals_end_hangedman, layout_shoals, shoals_ilsuiw_ice
Spider:1: mumra_spider_spiderweb, portal_ice_cave_entry_pillars_2,
          guppyfry_spider_mini_2
Spider:2: layout_spider_delve, uniq_asterion
Spider:3: nicolae_spider_hilbert_zone_4 [nicolae_spider_hilbert_4_sides_2_open,
          nicolae_spider_hilbert_4_sides_1_open,
          nicolae_spider_hilbert_4_sides_1_open,
          nicolae_spider_hilbert_4_sides_1_open,
          nicolae_spider_hilbert_4_sides_1_open,
          nicolae_spider_hilbert_2_sides_1_open,
          nicolae_spider_hilbert_2_sides_1_open,
          nicolae_spider_hilbert_2_sides_1_open,
          nicolae_spider_hilbert_2_sides_1_open,
          nicolae_spider_hilbert_6_sides_1_open,
          nicolae_spider_hilbert_6_sides_1_open,
          nicolae_spider_hilbert_3_sides_1_open,
          nicolae_spider_hilbert_3_sides_1_open], uniq_arachne, uniq_roxanne,
          uniq_azrael
Spider:4: spider_rune_water, uniq_donald
Slime:1:  layout_caves, nicolae_slime_phagocytosis
Slime:2:  layout_caves
Slime:3:  layout_caves
Slime:4:  layout_caves
Slime:5
Orc:1:    emtedronai_trogs_sanctum, layout_caves
Orc:2:    pf_orc_diabolical, layout_caves
Elf:1:    layout_geoelf_grid, kennysheep_underground_church
Elf:2:    nicolae_elf_blades_crystal_corner, layout_onion_city
Elf:3:    grunt_elf_hall_spiral, layout_loops_corners, minmay_elf_sorcery
Vaults:1: nicolae_vaults_murderbox, vaults_mumra_lcd,
          vaults_dpeg_emergency_exit, v_misc_10, hangedman_vaults_slice,
          ontoclasm_vaults_claustrophobia, v_alt_pattern_6,
          ontoclasm_vaults_tryst, ontoclasm_vaults_idyll, hangedman_vaults_hat,
          v_misc_10, nicolae_vaults_little_ls, v_misc_18, v_misc_14,
          nicolae_vaults_little_squares_6, layout_vaults_maze_bifur
Vaults:2: nicolae_vaults_asterisk, vaults_room_stairs_pillars,
          nicolae_vaults_angled_halls, nicolae_vaults_mini_display_case,
          hangedman_vaults_cutoff, grunt_vaults_hallway_long,
          nicolae_vaults_hallways_thing, nicolae_vaults_network_barrier,
          v_misc_9, layout_vaults_omnicross, serial_shops, shop
Vaults:3: portal_desolation_entry_twin_temple, nicolae_vaults_three_branches,
          vaults_mumra_chevron_long, vaults_room_door_hall, st_cross,
          v_pattern_4, nicolae_vaults_little_squares_5, vaults_dpeg_diagonal,
          grunt_vaults_hallway_long, layout_vaults_big_room, dummy_crypt_entry,
          uniq_xtahua, uniq_margery, uniq_sojobo
Vaults:4: ontoclasm_vaults_fault, serial_ice_g,
          hangedman_vaults_stretched_pinwheel, nicolae_vaults_twisting_passages,
          ontoclasm_vaults_ring_small, v_misc_28, v_misc_1, st_smaller_cells,
          vaults_room_octagon, v_pattern_5, hangedman_vaults_slice,
          dpeg_vaults_monster_row, nicolae_vaults_theta, vaults_room_pools,
          layout_vaults_ring, serial_shops, nicolae_lakefront_shop, shop,
          nicolae_shop_behind_doors, nicolae_shop_trees, uniq_saint_roka,
          uniq_jory, uniq_aizul
Crypt:1:  layout_rooms, grunt_crypt_arrival_webbed,
          roderic_lattice_octagonal_star
Crypt:2:  layout_misc_corridors, ebering_ghost_inner_flame, uniq_josephina
Crypt:3:  due_elkab, layout_chaotic_city, nicolae_tomb_entry_grand_gallery,
          uniq_khufu
Depths:1: layout_long_grid, serial_shops, freezing_bzr, pf_coc_iceberg,
          nicolae_uskayaw_dance_hall, nzn_hepliaklqana_mist_gate,
          minmay_shoptagon, kennysheep_random_hallway, serial_bayou_shore_a,
          serial_bayou_shore_b
Depths:2: evilmike_diamond_2, layout_gridlike, enter_ziggurat_f, hell_entry,
          minmay_misc_feat_chi, serial_glass, glass_columns_a, glass_columns_a,
          glass_columns_b, glass_columns_a, glass_columns_c, glass_columns_a,
          glass_columns_a, glass_columns_a, glass_columns_b, glass_columns_c,
          pan_entry, infiniplex_staircase_diamond
Depths:3: dpeg_oklob_gauntlet, layout_cave_pools, serial_bayou_pond_e,
          pf_hell_entry_tar_spiral, abyss_entry_flame_altar
Depths:4: grunt_zot_entry_funnels, layout_honeycomb, columned_hall_lemuel,
          hellmouth_3
Zot:1:    lemuel_halls_of_wrath, layout_onion_interference, st_stairs_5,
          st_small_dragon_hoard_2
Zot:2:    layout_gridville
Zot:3:    layout_cellular_growth
Zot:4:    layout_misc_corridors, lemuel_elevator, uniq_vv
Zot:5:    layout_onion, ebering_ghost_gozag

Skill      XL: |  1  2  3  4  5  6  7  8  9 10 11 12 13 14 15 16 17 18 19 20 21 22 23 24 25 26 27 |
---------------+----------------------------------------------------------------------------------+-----
Ranged Weapons | 6 7 9 10 11 14 15 17 19 21 22 23 25 26 27 | 27.0
Invocations    | 7 10 15 16 | 16.2
Dodging        | 10 11 12 14 16 | 16.9
Fighting       | 4 11 12 15 18 20 21 22 26 | 26.3
Armour         | 2 7 11 12 14 16 17 | 17.6
Stealth        | 10 | 10.3
Evocations     | 9 13 | 13.3
Hexes          | 8 9 |  9.0
Earth Magic    | 8 9 |  9.0
Spellcasting   | 7 |  7.3
Translocations | 9 20 | 20.7

Action                   |  1- 3 |  4- 6 |  7- 9 | 10-12 | 13-15 | 16-18 | 19-21 | 22-24 | 25-27 || total
-------------------------+-------+-------+-------+-------+-------+-------+-------+-------+-------++-------
Melee: Triple crossbow   |       |       |       |       |       |     1 |       |       |       ||     1
       Arbalest          |       |       |       |       |       |       |    10 |       |       ||    10
 Fire: Shortbow          |    72 |    83 |   120 |       |       |       |       |       |       ||   275
       Arbalest          |     1 |       |    94 |    55 |       |       |   278 |   352 |   176 ||   956
       Hand crossbow     |       |       |       |   297 |   709 |   631 |   789 |    10 |     9 ||  2445
       Triple crossbow   |       |       |       |       |       |   126 |       |   645 |  1523 ||  2294
 Cast: Cause Fear        |       |       |       |       |       |       |       |       |     6 ||     6
       Blink             |       |       |       |       |       |       |       |       |     6 ||     6
       Leda's Liquefacti |       |       |       |       |       |       |       |       |     3 ||     3
       Dispersal         |       |       |       |       |       |       |       |       |     2 ||     2
Invok: Heroism           |       |       |     5 |     3 |     8 |    13 |     6 |     3 |     6 ||    44
       Finesse           |       |       |       |     6 |    12 |    19 |    11 |    12 |    34 ||    94
Evoke: Wand              |       |       |     7 |       |       |       |       |       |       ||     7
       Condenser vane    |       |       |       |       |       |       |     3 |     1 |     6 ||    10
       Phial of floods   |       |       |       |       |       |       |       |       |     1 ||     1
  Use: Scroll            |     2 |     3 |     9 |    10 |    11 |     9 |     8 |    10 |    18 ||    80
       Potion            |       |     1 |     3 |     1 |     2 |     1 |     4 |     2 |    14 ||    28
Armor: Leather armour    |     6 |     1 |    41 |    23 |    43 |     3 |       |       |       ||   117
       Ring mail         |       |     2 |       |       |       |       |       |       |       ||     2
       Scale mail        |       |       |       |       |       |    99 |   172 |    89 |   171 ||   531
Dodge: Dodged            |    30 |    31 |    61 |   102 |   395 |   287 |   937 |   720 |  1118 ||  3681
